 Dungeon Crawl Stone Soup version 0.29.0-4-gdea44cf6ec (webtiles) character file.

Game seed: 8087400940983894620

399 qw the Chopper (level 7, 0/52 HPs)
             Began as a Formicid Cinder Acolyte on Sept 4, 2022.
             Was an Elder of Ignis.
             Slain by Pikel
             ... wielding a +2 whip of flaming
              (1 damage)
             ... on level 4 of the Dungeon.
             The game lasted 00:01:10 (3834 turns).

qw the Chopper (Formicid Cinder Acolyte)            Turns: 3834, Time: 00:01:10

Health: 0/52       AC: 16    Str: 27    XL:     7   Next: 10%
Magic:  0/8        EV:  9    Int: 13    God:    Ignis [****..]
Gold:   176        SH:  0    Dex:  9    Spells: 8/8 levels left

rFire   + + .      SeeInvis +   Y - -1 hand axe (flame)
rCold   . . .      Faith    .   (no shield)
rNeg    . . .      Spirit   +   a - +0 chain mail
rPois   .          Reflect  .   (helmet unavailable)
rElec   .          Harm     .   n - +0 cloak
rCorr   .          Rampage  .   (no gloves)
Will    .....                   (no boots)
Stlth   ..........              m - amulet of guardian spirit
HPRegen 0.17/turn               h - +6 ring of strength
MPRegen 0.11/turn               e - ring of protection from fire

@: fiery-armoured
A: permanent stasis, dig shafts and tunnels, antennae 3, four strong arms
a: Dig, Shaft Self, Renounce Religion, Fiery Armour, Foxfire Swarm, Rising Flame


You were on level 4 of the Dungeon.
You worshipped Ignis.
Ignis was greatly pleased with you.
You visited 1 branch of the dungeon, and saw 4 of its levels.

You collected 176 gold pieces.


Innate Abilities, Weirdness & Mutations

You cannot be hasted, slowed, berserked, paralysed or teleported.
You can dig through walls and to a lower floor.
You have a pair of large antennae on your head. (SInv)
Your four strong arms can wield two-handed weapons with a shield.


   Skills:
 + Level 3.3 Fighting
 - Level 6.0 Axes
 - Level 2.0 Armour
 - Level 3.1 Dodging
 - Level 1.1 Spellcasting
 - Level 3.0 Fire Magic


You had 8 spell levels left.
You didn't know any spells.
Your spell library contained the following spells:

 Spells                   Type           Power      Damage    Failure   Level
 Scorch                   Fire           16%        2d5       61%         2

Inventory:

Hand Weapons
 Y - a -1 hand axe of flaming (weapon)
Armour
 a - a +0 chain mail (worn)
 n - a +0 cloak (worn)
Jewellery
 e - a ring of protection from fire (right hand)
 h - a +6 ring of strength (left hand)
 m - an amulet of guardian spirit (around neck)
Wands
 b - a wand of digging (2)
Scrolls
 c - a scroll of enchant weapon {unknown}
 d - a scroll of identify
 f - 2 scrolls of teleportation {unknown}
Potions
 i - 2 potions of curing {unknown}
 j - a potion of haste

Dungeon Overview and Level Annotations

Branches:
Dungeon (3/15)

Altars:
Vehumet

Annotations:
D:4 Pikel


Message History

Pikel hits you but does no damage.
Pikel is burned by your cloak of flames.
Pikel is severely wounded.
The lemure barely misses you. The lemure closely misses you.
You hit Pikel but do no damage.
Pikel is severely wounded.
You closely miss the lemure. You hit the lemure. You burn the lemure.
The lemure barely misses you. Pikel closely misses you.
The lemure hits you but does no damage.
The lemure is burned by your cloak of flames.
The lemure is lightly wounded.
You closely miss the lemure.
The lemure is almost dead.
You hit Pikel. You burn Pikel. You closely miss the lemure.
The lemure hits you. The lemure hits you!
The lemure is burned by your cloak of flames.
The lemure is moderately wounded.
Pikel hits you but does no damage.
Pikel is burned by your cloak of flames.
Pikel is almost dead.
You barely miss Pikel.
Pikel is almost dead.
You closely miss the lemure. You hit the lemure but do no damage.
Pikel hits you but does no damage.
Pikel is burned by your cloak of flames.
Pikel is almost dead.
The lemure hits you.
The lemure is burned by your cloak of flames.
You kill the lemure!
That felt strangely unrewarding.
The lemure hits you.
The lemure is burned by your cloak of flames.
The lemure is moderately wounded.
You hit Pikel but do no damage.
Pikel is almost dead.
You closely miss the lemure. The lemure hits you but does no damage.
The lemure is burned by your cloak of flames.
The lemure is heavily wounded.
Pikel hits you with a +2 whip of flaming.
You die...

.## #.......... . { ....
.......... $#
########........ ...
{.......).)...... .#K# {
.#####.%%)...... .....
######).##+##
#..)..#########.####..# #
................#.....# ###
.........K@.....#.....###..
........%5......#.[...##...
.....#######....#......#...
.S..............#......'...
...# #########..#.....'#...
... ...........#.....##...
#. ########...####..###..
###...##...####..# ###
#......)..........


You could see Pikel and a lemure.

Vanquished Creatures
  Sigmund (D:4)
  2 lemures (D:4)
  A scorpion (D:4)
  A hound (D:4)
  Ijyb (D:4)
  An orc wizard (D:4)
  2 adders
  An ufetubus (D:4)
  2 dart slugs
  9 orcs (D:4)
  7 ball pythons
  4 endoplasms
  A giant cockroach (D:2)
  6 goblins
  7 hobgoblins
  3 jackals (D:1)
  3 kobolds
  A quokka (D:1)
  2 bats (D:1)
  4 frilled lizards
  7 rats
66 creatures vanquished.

Notes
Turn   | Place    | Note
-------+----------+-------------------------------------------
     0 | D:1      | qw the Formicid Cinder Acolyte began the quest for the Orb.
     0 | D:1      | Reached XP level 1. HP: 18/18 MP: 2/2
     0 | D:1      | 0 ||| qw: Version: 0.1-a-103-gd6f5d3a
     0 | D:1      | 0 ||| qw: Game counter: 5560
     0 | D:1      | 0 ||| qw: Always use a shield: true
     0 | D:1      | 0 ||| qw: God list: Okawaru
     0 | D:1      | 0 ||| qw: Allow faded altars: false
     0 | D:1      | 0 ||| qw: Do Orc after D:15 true
     0 | D:1      | 0 ||| qw: Do second Lair branch before Depths: true
     0 | D:1      | 0 ||| qw: Lair rune preference: random
     0 | D:1      | 0 ||| qw: Plans: Normal
     0 | D:1      | 0 ||| PLANNING D:1-11
   262 | D:1      | Reached XP level 2. HP: 18/24 MP: 3/3
   426 | D:1      | 426 ||| Stepping ~*~*~tactically~*~*~ (stealth).
   427 | D:1      | 427 ||| Stepping ~*~*~tactically~*~*~ (stealth).
   496 | D:1      | 496 ||| Stepping ~*~*~tactically~*~*~ (hiding).
  1167 | D:1      | Reached skill level 4 in Axes
  1167 | D:1      | Reached XP level 3. HP: 21/29 MP: 4/4
  1261 | D:1      | Found a faded altar of an unknown god.
  1608 | D:1      | 1608 ||| UPGRADING to +0 ring mail.
  1618 | D:1      | 1618 ||| DROPPING +0 robe.
  1619 | D:1      | 1619 ||| UPGRADING to +0 scale mail.
  1629 | D:1      | 1629 ||| DROPPING +0 ring mail.
  1630 | D:1      | 1630 ||| UPGRADING to +0 cloak.
  1635 | D:1      | 1635 ||| UPGRADING to amulet of guardian spirit.
  1640 | D:1      | 1640 ||| UPGRADING to +6 ring of strength.
  1641 | D:1      | 1641 ||| READING scroll labelled ULIONN EFUMO.
  1642 | D:1      | 1642 ||| READING 3 scrolls labelled MOPPOE EBRAYL.
  1643 | D:1      | 1643 ||| READING scroll labelled NAAVEMOWNOU.
  1644 | D:1      | 1644 ||| READING scroll labelled HIGREUPOQE.
  1645 | D:1      | 1645 ||| DRINKING 2 golden potions.
  1646 | D:1      | 1646 ||| READING 2 scrolls of identify.
  1646 | D:1      | 1646 ||| IDENTIFYING glowing inky potion
  1647 | D:1      | 1647 ||| DROPPING potion of lignification.
  1709 | D:2      | 1709 ||| Stepping ~*~*~tactically~*~*~ (stealth).
  2047 | D:2      | Reached skill level 1 in Armour
  2186 | D:2      | 2186 ||| Stepping ~*~*~tactically~*~*~ (stealth).
  2331 | D:2      | Reached XP level 4. HP: 35/35 MP: 5/5
  2800 | D:2      | 2800 ||| UPGRADING to +0 chain mail.
  2810 | D:2      | 2810 ||| DROPPING +0 scale mail.
  2811 | D:2      | 2811 ||| UPGRADING to ring of protection from fire.
  2812 | D:2      | 2812 ||| READING scroll labelled LIHUYLU KOTUOGG.
  2813 | D:2      | 2813 ||| READING 3 scrolls of identify.
  2813 | D:2      | 2813 ||| IDENTIFYING cyan potion
  2814 | D:2      | 2814 ||| READING 2 scrolls of identify.
  2814 | D:2      | 2814 ||| IDENTIFYING black potion
  2815 | D:2      | 2815 ||| DROPPING potion of attraction.
  2894 | D:3      | 2894 ||| Stepping ~*~*~tactically~*~*~ (hiding).
  2917 | D:3      | 2917 ||| Stepping ~*~*~tactically~*~*~ (hiding).
  2959 | D:3      | 2959 ||| Stepping ~*~*~tactically~*~*~ (stealth).
  3026 | D:3      | You fall into a shaft and drop 1 floor!
  3027 | D:4      | Noticed Ijyb
  3033 | D:4      | 3033 ||| INVOKING Fiery Armour.
  3040 | D:4      | HP: 6/35 [constriction (3)]
  3041 | D:4      | 3041 ||| DRINKING potion of heal wounds.
  3045 | D:4      | Reached skill level 5 in Axes
  3049 | D:4      | Killed Ijyb
  3050 | D:4      | Reached XP level 5. HP: 27/41 MP: 2/6
  3052 | D:4      | 3052 ||| Stepping ~*~*~tactically~*~*~ (hiding).
  3101 | D:4      | Reached XP level 6. HP: 21/47 MP: 5/7
  3107 | D:4      | HP: 11/47 [poisoned by a scorpion]
  3136 | D:4      | 3136 ||| Stepping ~*~*~tactically~*~*~ (stealth).
  3371 | D:4      | Found a radiant altar of Vehumet.
  3443 | D:4      | Reached skill level 6 in Axes
  3447 | D:4      | Noticed Sigmund
  3457 | D:4      | 3457 ||| INVOKING Fiery Armour.
  3461 | D:4      | Killed Sigmund
  3462 | D:4      | Reached skill level 3 in Dodging
  3462 | D:4      | Reached XP level 7. HP: 22/52 MP: 3/8
  3807 | D:4      | 3807 ||| Stepping ~*~*~tactically~*~*~ (stealth).
  3808 | D:4      | 3808 ||| Stepping ~*~*~tactically~*~*~ (stealth).
  3813 | D:4      | Noticed Pikel
  3818 | D:4      | 3818 ||| Stepping ~*~*~tactically~*~*~ (stealth).
  3828 | D:4      | 3828 ||| INVOKING Fiery Armour.
  3828 | D:4      | HP: 13/52 [Pikel/+2 whip of flaming (1)]
  3832 | D:4      | HP: 6/52 [lemure[Pikel] (6)]
  3833 | D:4      | HP: 1/52 [lemure[Pikel] (3)]
  3834 | D:4      | Slain by Pikel

Levels and vault maps discovered:
D:1:      mrwooster_arrival_statue, layout_basic,
          shapermc_ecumenical_altar_rom_forum, minmay_domino_4
D:2:      layout_loops_ring, serial_rivers, chequers_serial_rivers_large_b,
          chequers_serial_rivers_micro_d, chequers_serial_rivers_room_b,
          chequers_serial_rivers_room_b, chequers_serial_rivers_micro_d,
          chequers_serial_rivers_micro_b
D:3:      layout_loops_cross
D:4:      layout_gridville, nicolae_vehumet_altar_sigil,
          serial_co_window_serial, co_window_paths_a, co_window_paths_a,
          co_window_paths_b, co_window_of_opportunity_a,
          co_window_of_opportunity_a, co_window_paths_b, co_window_paths_a,
          co_window_corner_b, co_window_2corner, co_window_broadway_c,
          co_window_broadway_b, co_window_broadway_b, co_window_broadway_c,
          co_window_cross_3, glass_columns_a, glass_columns_c, uniq_pikel,
          uniq_sigmund, uniq_ijyb

Skill      XL: |  1  2  3  4  5  6 |
---------------+-------------------+-----
Axes           | 4 5 6 |  6.0
Armour         | 1 2 |  2.0
Dodging        | 3 |  3.1
Fighting       | |  3.3
Spellcasting   | |  1.1
Fire Magic     | |  3.0

Action                   |  1- 3 |  4- 6 |  7- 9 || total
-------------------------+-------+-------+-------++-------
Melee: Hand axe          |    91 |    71 |    28 ||   190
       Punch             |       |     2 |       ||     2
Invok: Fiery Armour      |       |     2 |     1 ||     3
  Use: Scroll            |     5 |     3 |       ||     8
       Potion            |     1 |     1 |       ||     2
Armor: Robe              |    15 |       |       ||    15
       Scale mail        |    18 |     2 |       ||    20
       Chain mail        |       |    42 |    24 ||    66
Dodge: Dodged            |    39 |    24 |    31 ||    94

Table legend:
 A = Non-vault XP
 B = Vault XP
 C = Vault XP percentage of total XP
 D = Non-vault monster count
 E = Vault monster count
 F = Vault count percentage of total count
                 A         B        C        D         E       F
            +---------+---------+-------+---------+---------+-------
      Total |     299 |     271 |  47.5 |      60 |       4 |   6.2
            +---------+---------+-------+---------+---------+-------
        D:1 |      33 |       4 |  10.8 |      20 |       2 |   9.1
        D:2 |      40 |       0 |   0.0 |      15 |       0 |   0.0
        D:3 |      10 |       0 |   0.0 |       6 |       0 |   0.0
        D:4 |     216 |     267 |  55.3 |      19 |       2 |   9.5
            +---------+---------+-------+---------+---------+-------
